 Dungeon Crawl Stone Soup version 0.22-b1-26-g9dbaab1 (webtiles) character file.

138205 Goblin1989 the Alchemist (level 16, -3/128 HPs)
             Began as a Demonspawn Transmuter on Aug 5, 2018.
             Was the Champion of Wu Jian.
             Slain by a jumping spider (5 damage)
             ... on level 1 of the Spider Nest on Aug 6, 2018.
             The game lasted 03:09:49 (33608 turns).

Goblin1989 the Alchemist (Demonspawn Transmuter)   Turns: 33608, Time: 03:09:50

Health: -3/128     AC: 15    Str:  9 (11) XL:     16   Next: 41%
Magic:  0/28       EV: 19    Int: 17 (21) God:    Wu Jian [******]
Gold:   2673       SH:  0    Dex: 16 (18) Spells: 2/31 levels left

rFire    . . .     SeeInvis +     - Unarmed
rCold    . . .     Gourm    .   (no shield)
rNeg     . . .     Faith    .   s - +1 leather armour "Qateam" {*Corrode rPois MR++ SInv}
rPois    +         Spirit   +   (helmet unavailable)
rElec    .         Reflect  .   C - scarf {cloud immunity}
rCorr    .         Harm     .   t - +2 pair of gloves
MR       +++..                  o - +1 pair of boots
Stlth    +.........             r - amulet of regeneration
HPRegen  0.71/turn              v - +4 ring of dexterity
MPRegen  0.42/turn              S - +3 ring of protection

@: lethally poisoned (-3 -> -3), very slightly contaminated
A: horns 3, slimy green scales 2, demonic guardian 2, magic shield, magic
regeneration
}: 1/15 runes: decaying
a: Wall Jump, Serpent's Lash, Heavenly Storm, Renounce Religion


You were on level 1 of the Spider Nest.
You worshipped Wu Jian.
Wu Jian was exalted by your worship.
You were not hungry.

You visited 6 branches of the dungeon, and saw 29 of its levels.

You collected 2673 gold pieces.

Inventory:

Hand Weapons
 w - a +0 blowgun {@w1}
Missiles
 a - 492 arrows
 z - 222 sling bullets
 D - 767 stones (quivered) {@Q3}
 F - 8 curare-tipped needles
 Z - 3 throwing nets {!d , @Q1}
Armour
 o - a +1 pair of boots (worn)
 s - the +1 leather armour "Qateam" (worn) {*Corrode rPois MR++ SInv}
   (You found it on level 7 of the Dungeon)

   It protects you from poison.
   It affects your resistance to hostile enchantments.
   It lets you see invisible.
   It may corrode you when you take damage.
 t - a +2 pair of gloves (worn)
 C - a scarf of cloud immunity (worn)
Jewellery
 f - an uncursed ring of fire
 g - an uncursed ring of ice
 r - an amulet of regeneration (around neck)
 v - a +4 ring of dexterity (left hand)
 S - a +3 ring of protection (right hand)
Wands
 b - a wand of flame (42) {@v6}
 d - a wand of iceblast (13) {@v4}
 n - a wand of paralysis (44) {@v7}
 J - a wand of random effects (67)
 Q - a wand of digging (10) {@v1}
Scrolls
 h - 11 scrolls of remove curse {@r3}
 k - a scroll of summoning
 p - 5 scrolls of fog
 A - 8 scrolls of fear
 B - 2 scrolls of blinking
 E - 5 scrolls of immolation
 G - 3 scrolls of vulnerability
 I - a scroll of noise {unknown}
 M - 4 scrolls of magic mapping
 T - 8 scrolls of teleportation {!r, @r2}
Potions
 q - 2 potions of agility
 u - a potion of lignification
 K - 4 potions of might {@q4}
 L - 2 potions of resistance {@q6}
 N - 5 potions of haste {@q3,}
 P - a potion of magic
 U - 4 potions of curing {@q1}
 V - 3 potions of flight
 W - 2 potions of cancellation
 X - 2 potions of ambrosia
 Y - 3 potions of mutation {!q}
Miscellaneous
 m - a phial of floods
Comestibles
 e - 38 rations


   Skills:
 + Level 12.3 Fighting
   Level 0.5 Short Blades
 + Level 11.3 Dodging
 + Level 13.3 Unarmed Combat
 - Level 8.0 Spellcasting
 + Level 15.1 Transmutations
 - Level 7.0 Ice Magic


You had 2 spell levels left.
You knew the following spells:

 Your Spells              Type           Power        Failure   Level  Hunger
a - Hydra Form            Tmut           ######....   4%          6    ######.
b - Sticks to Snakes      Tmut           ######..     1%          2    None
c - Blade Hands           Tmut           ######....   1%          5    #####..
d - Blink                 Tloc           N/A          22%         2    None
f - Dragon Form           Tmut           ######....   26%         7    #######
h - Ozocubu's Armour      Chrm/Ice       ###.....     11%         3    #......
Y - Ice Form              Ice/Tmut       #####...     1%          4    ###....

Your spell library contained the following spells:

 Spells                   Type           Power        Failure   Level  Hunger
 Cause Fear               Hex            #.........   82%         4    ###....
 Magic Dart               Conj           #...         14%         1    None
 Conjure Flame            Conj/Fire      #.......     41%         3    #......
 Bolt of Fire             Conj/Fire      #.........   100%        6    ######.
 Slow                     Hex            #.......     22%         2    None
 Confuse                  Hex            #.......     41%         3    #......
 Invisibility             Hex            #.......     100%        6    ######.
 Mephitic Cloud           Conj/Pois/Air  #.......     41%         3    #......
 Venom Bolt               Conj/Pois      #.........   99%         5    #####..
 Olgreb's Toxic Radiance  Pois           #.......     82%         4    ###....
 Call Imp                 Summ           #.......     22%         2    None
 Sting                    Conj/Pois      #...         14%         1    None
 Tukima's Dance           Hex            #.......     41%         3    #......
 Corpse Rot               Necr           N/A          22%         2    None
 Stone Arrow              Conj/Erth      #.....       41%         3    #......
 Swiftness                Chrm/Air       #.......     22%         2    None
 Spider Form              Tmut/Pois      ####......   1%          3    #......
 Deflect Missiles         Chrm/Air       #.........   100%        6    ######.
 Confusing Touch          Hex            #.....       14%         1    None
 Flame Tongue             Conj/Fire      #....        14%         1    None
 Passwall                 Tmut/Erth      ####....     1%          2    None
 Ensorcelled Hibernation  Hex/Ice        ###...       5%          2    None
 Metabolic Englaciation   Hex/Ice        ###.......   67%         5    #####..
 Corona                   Hex            #......      14%         1    None
 Lee's Rapid Deconstruct  Erth           #.........   99%         5    #####..
 Sandblast                Erth           #.....       14%         1    None
 Excruciating Wounds      Chrm/Necr      #.........   99%         5    #####..
 Petrify                  Tmut/Erth      ####....     7%          4    ###....
 Passage of Golubria      Tloc           N/A          82%         4    ###....
 Leda's Liquefaction      Hex/Erth       #.........   82%         4    ###....
 Summon Hydra             Summ           #.........   100%        7    #######
 Darkness                 Hex            #.........   100%        6    ######.
 Beastly Appendage        Tmut           ######       1%          1    None
 Dazzling Spray           Conj/Hex       #.....       41%         3    #......
 Spectral Weapon          Hex/Chrm       #.......     41%         3    #......
 Summon Forest            Summ/Tloc      #.........   99%         5    #####..
 Dragon's Call            Summ           #.........   100%        9    #######
 Gell's Gravitas          Tloc           #.........   41%         3    #......
 Yara's Violent Unravell  Hex/Tmut       ####......   19%         5    #####..
 Poisonous Vapours        Pois/Air       #.....       22%         2    None


Dungeon Overview and Level Annotations

Branches:
Dungeon (15/15)            Temple (1/1) D:4            Lair (6/6) D:10
  Swamp (4/4) Lair:3       Spider (1/4) Lair:4        Slime (0/5) Lair:5
    Orc (2/2) D:9             Elf (0/3) Orc:2        Vaults (0/5) D:13
 Depths (0/5) D:15

Altars:
Ashenzari
Dithmenos
Elyvilon
Fedhas
Gozag
Hepliaklqana
Kikubaaqudgha
Makhleb
Nemelex Xobeh
Okawaru
Qazlal
Sif Muna
Uskayaw
Vehumet
Wu Jian
Xom
Zin
The Shining One
Beogh
Jiyva

Shops:
Orc:2 %}*:

Annotations:
D:3 exclusion: downstairs
D:8 exclusion: door
D:13 3 runed doors, Wokom's ghost, novice FoEn


Innate Abilities, Weirdness & Mutations

You have a pair of large horns on your head.
You are mostly covered in slimy green scales. (AC +3)
A demonic guardian rushes to your aid.
When hurt, damage is shared between your health and your magic reserves.
You regenerate magic rapidly.


Message History

Your orange demon stings the wolf spider from afar.
You take 15 damage, and have 12/166 hp.
You now have 1/28 mp.
Unknown command.
You feel much better.
You feel sick.
The orb spider pulsates with a strange energy.
The wolf spider closely misses you. The wolf spider bites you!
* * * LOW HITPOINT WARNING * * *
Your orange demon barely misses the wolf spider.
You regained 17 hp, and now have 29/166 hp.
Unknown command.
The wolf spider dies!
The Council accepts your kill.
Your orange demon stings the orb spider!
Your orange demon closely misses the orb spider.
You feel sick.
Your orange demon stings the orb spider from afar!
The orb spider is poisoned.
Your orange demon poisons the orb spider!
You take 1 damage, and have 29/166 hp.
You feel sick.
You see here an inedible chunk of flesh.
The jumping spider pounces on your orange demon!
The jumping spider closely misses your orange demon.
The orb spider pulsates with a strange energy.
You feel sick.
The orb spider weaves a glowing orb of energy.
Your orange demon stings the jumping spider but does no damage.
Your orange demon hits the jumping spider.
An orb of destruction comes into view.
The orb of destruction moves out of view.
You feel sick. The Council accepts your kill.
You feel a bit more experienced.
You feel sick.
You feel sick.
You see here a glowing great mace.
Your transformation is almost over.
The jumping spider leaps!
You feel sick.
The jumping spider leaps!
You take 1 damage, and have 33/166 hp.
You closely miss the jumping spider.
The jumping spider is lightly wounded.
The jumping spider pounces on you.
* * * LOW HITPOINT WARNING * * *
You are caught in a web!
The jumping spider bites you.
* * * LOW HITPOINT WARNING * * *
You take 4 damage, and have 30/166 hp.
You now have 7/28 mp.
The web tears apart.
The jumping spider pounces on you but does no damage.
The jumping spider misses you. The jumping spider pounces on you!
* * * LOW HITPOINT WARNING * * *
You are caught in a web!
The jumping spider bites you.
* * * LOW HITPOINT WARNING * * *
You take 18 damage, and have 12/166 hp.
You now have 3/28 mp.
The web tears apart.
You feel sick. The jumping spider misses you. The jumping spider bites you.
* * * LOW HITPOINT WARNING * * *
The orb spider weaves a glowing orb of energy.
An orb of destruction comes into view.
You take 2 damage, and have 10/166 hp.
Unknown command.
The jumping spider misses you.
The jumping spider bites you but does no damage.
The orb spider spins a strand of pure energy.
You spin and attack the jumping spider repeatedly.
You nip at the jumping spider.
The jumping spider is lightly wounded.
You nip at the jumping spider.
The jumping spider is lightly wounded.
Your transformation has ended.
Your scarf of cloud immunity unmelds from your body.
Your +2 pair of gloves unmelds from your body.
Your +1 pair of boots unmelds from your body.
The +1 leather armour "Qateam" {*Corrode rPois MR++ SInv} unmelds from your body.
You feel immune to the effects of clouds.
The jumping spider pounces on you but does no damage.
The jumping spider bites you but does no damage.
The jumping spider pounces on you but does no damage.
The jumping spider closely misses you.
There is a stone staircase leading down here.
You take 3 damage, and have 9/128 hp.
Unknown command.
You spin and attack the jumping spider.
You completely miss the jumping spider.
The jumping spider is lightly wounded.
You feel sick.
The jumping spider pounces on you but does no damage.
The jumping spider bites you but does no damage.
The orb of destruction hits a rock wall.
You spin and attack the jumping spider repeatedly.
You hit the jumping spider but do no damage.
Your headbutt misses the jumping spider.
The jumping spider is lightly wounded.
You hit the jumping spider.
The jumping spider is moderately wounded.
The orb spider weaves a glowing orb of energy.
The jumping spider pounces on you!
* * * LOW HITPOINT WARNING * * *
The jumping spider completely misses you.
The jumping spider pounces on you!
You die...

███..█ ...█.█ ██..)██
....█ █...██ █..█
█.s§██ █..█ █..*§████
████.. █.......██
█..... ██.^.§...█
██...^. ██..s§.██
█...... ██.@§.█ █......
█...§.█ ██..█.. ██.§███
███...█.. █
██..███████........
█...█..█...██.........
█............█.....█..
█..................███.
█.......█.........██ █.


███████████████████ ██ You could see an orb spider and a jumping spider
(pinned).

Vanquished Creatures
  the Lernaean hydra (Swamp:3)
  Frances (D:13)
  A thorn hunter (Swamp:1)
  Louise (Swamp:2)
  A ghost moth (Lair:4)
  The ghost of Wabbos the Cleaver, a journeyman MiFi of Makhleb (Lair:4)
  The ghost of Wabbos the Cleaver, a journeyman MiFi of Makhleb (Lair:4)
  The ghost of Xexuamef the Earth Mage, a journeyman DEEE of Sif Muna (Lair:4)
  The ghost of Xexuamef the Earth Mage, a journeyman DEEE of Sif Muna (Lair:4)
  The ghost of Xexuamef the Earth Mage, a journeyman DEEE of Sif Muna (Lair:4)
  Erolcha (D:9)
  20 hydras
  4 vault guards (D:13)
  2 centaur warriors
  3 two-headed ogres
  6 alligators
  2 tengu warriors (D:13)
  A deep elf knight (D:15)
  Sonja (Lair:1)
  2 spriggan druids (Swamp:3)
  A deep troll (D:15)
  4 skeletal warriors (D:14)
  2 unseen horrors
  A deep troll (shapeshifter) (D:15)
  A shambling mangrove (Swamp:3)
  2 deep elf magi
  6 orc knights (Orc:2)
  10 swamp dragons
  A wolf spider zombie (D:13)
  2 orc sorcerers
  4 cyclopes
  8 ugly things
  2 manticores
  A wolf spider (Spider:1)
  2 centaur zombies
  A gargoyle (D:12)
  A centaur skeleton (D:10)
  14 spiny frogs
  A rime drake (Lair:4)
  A yaktaur (D:15)
  A komodo dragon (Lair:1)
  2 demonic crawlers
  A yaktaur (shapeshifter) (D:14)
  A tengu conjurer (D:15)
  2 jumping spiders (Spider:1)
  10 hornets
  5 tyrant leeches
  7 trolls
  17 slime creatures
  21 blink frogs
  3 bog bodies
  7 hippogriffs
  8 redbacks
  4 tarantellas (Spider:1)
  A wraith (D:11)
  5 wyverns
  5 spriggans
  25 yaks
  3 shadows
  2 vampires
  5 basilisks
  26 vampire mosquitoes
  The ghost of Cuuzom the Vexing, an amateur FoEn (D:15)
  Menkaure (D:4)
  3 soldier ants
  10 insubstantial wisps
  2 wargs
  20 swamp worms
  16 water moccasins
  5 porcupines
  33 orc warriors
  3 sky beasts
  3 black bears
  A hornet zombie (D:12)
  17 swamp drakes
  2 phantoms
  4 ice beasts
  2 necrophages
  8 centaurs
  10 ogres
  12 wolves
  9 crocodiles
  3 big kobolds
  14 bullfrogs
  6 jellies
  4 scorpions
  7 killer bees
  A howler monkey (D:5)
  6 wights
  An electric eel (Lair:3)
  7 crimson imps
  2 bullfrog zombies
  5 hounds
  2 bullfrog skeletons
  10 orc priests
  14 orc wizards
  Jessica (D:3)
  Terence (D:3)
  An iguana (D:6)
  22 worker ants
  2 human simulacra (D:12)
  A howler monkey zombie (D:11)
  7 gnolls
  10 adders
  An adder skeleton (D:4)
  An adder zombie (D:5)
  3 dart slugs
  4 worms
  3 leopard geckos
  93 orcs
  7 bats
  7 giant cockroaches
  10 goblins
  10 hobgoblins
  18 jackals
  25 kobolds
  2 quokkas
  2 ball pythons
  3 frilled lizards
  A giant cockroach zombie (D:3)
  A jackal zombie (D:9)
  2 leopard gecko skeletons
  11 rats
771 creatures vanquished.

Vanquished Creatures (collateral kills)
  Rupert (Orc:2)
  A stone giant (Orc:2)
  3 hydras
  2 alligators (Swamp:1)
  A centaur warrior (D:13)
  2 two-headed ogres
  A queen ant (Lair:2)
  3 swamp dragons
  3 orc knights (Orc:2)
  An orb spider (Spider:1)
  A wolf spider zombie (D:13)
  An ugly thing (Swamp:4)
  2 wolf spiders (Spider:1)
  A spiny frog (Lair:2)
  A yaktaur (D:15)
  A komodo dragon (Lair:4)
  3 rime drakes (Lair:4)
  A tengu conjurer (D:13)
  A troll (D:13)
  A tyrant leech (Swamp:1)
  2 slime creatures (Swamp:4)
  A hornet (Swamp:2)
  6 blink frogs (Lair:4)
  6 hippogriffs
  3 wyverns (Lair:4)
  A tarantella (Spider:1)
  A spriggan (Swamp:1)
  5 yaks
  A wraith (D:13)
  6 basilisks
  2 vampire mosquitoes (Swamp:1)
  A swamp worm (Swamp:2)
  A warg (Orc:2)
  A black bear (D:10)
  5 orc warriors
  4 crocodiles
  A big kobold (D:8)
  3 bullfrogs
  A wyvern skeleton (D:6)
  A scorpion (D:4)
  3 wights
  2 crimson imps
  2 orc wizards (D:4)
  A centaur skeleton (D:3)
  An orc priest (D:4)
  A jelly (D:5)
  2 worker ants
  A worm (Lair:4)
  10 orcs
  2 kobolds
108 creatures vanquished.

Vanquished Creatures (others)
  A wolf spider (Spider:1)
  A hornet (Lair:3)
  A kobold (D:3)
  2 briar patches (Swamp:1)
  16 fungi
  7 plants
  8 toadstools (D:8)
36 creatures vanquished.

Grand Total: 915 creatures vanquished

Notes
Turn   | Place    | Note
-------+----------+-------------------------------------------
     0 | D:1      | Goblin1989 the Demonspawn Transmuter began the quest for the Orb.
     0 | D:1      | Reached XP level 1. HP: 15/15 MP: 3/3
   333 | D:1      | Reached skill level 2 in Transmutations
   602 | D:1      | Gained mutation: When hurt, damage is shared between your health and your magic reserves. [demonic ancestry]
   602 | D:1      | Reached XP level 2. HP: 16/21 MP: 5/5
  1725 | D:2      | Reached skill level 3 in Transmutations
  1745 | D:2      | Learned a level 2 spell: Sticks to Snakes
  2151 | D:2      | Gained mutation: You have a pair of small horns on your head. [demonic ancestry]
  2151 | D:2      | Reached XP level 3. HP: 6/26 MP: 1/6
  3513 | D:3      | Reached XP level 4. HP: 31/32 MP: 7/7
  3515 | D:3      | Reached skill level 4 in Transmutations
  3520 | D:3      | Learned a level 3 spell: Spider Form
  3761 | D:3      | Noticed Terence
  3858 | D:3      | Killed Terence
  3999 | D:3      | Gained mutation: A weak demonic guardian rushes to your aid. [demonic ancestry]
  3999 | D:3      | Reached XP level 5. HP: 26/37 MP: 1/8
  4032 | D:3      | Reached skill level 5 in Transmutations
  4265 | D:3      | Noticed Jessica
  4275 | D:3      | Killed Jessica
  4527 | D:4      | Noticed Menkaure
  4634 | D:4      | Killed Menkaure
  4634 | D:4      | Reached XP level 6. HP: 44/44 MP: 9/9
  4685 | D:4      | Found a glowing golden altar of the Shining One.
  4749 | D:4      | Found a staircase to the Ecumenical Temple.
  4754 | Temple   | Entered the Ecumenical Temple
  4845 | Temple   | Became a worshipper of the Wu Jian Council
  5117 | D:4      | Gained mutation: You regenerate magic rapidly. [demonic ancestry]
  5117 | D:4      | Reached XP level 7. HP: 28/51 MP: 5/10
  5509 | D:5      | Entered Level 5 of the Dungeon
  5556 | D:5      | Found a blossoming altar of Fedhas.
  5796 | D:5      | Found a hide-covered altar of Uskayaw.
  5796 | D:5      | Found an ancient bone altar of Kikubaaqudgha.
  5796 | D:5      | Found a glowing silver altar of Zin.
  5852 | D:5      | Reached * piety under Wu Jian
  6359 | D:5      | Reached ** piety under Wu Jian
  6469 | D:6      | Found the +6 shillelagh "Devastator" {shatter}
  6511 | D:6      | Reached skill level 5 in Unarmed Combat
  6623 | D:6      | Gained mutation: You have a pair of horns on your head. [demonic ancestry]
  6623 | D:6      | Reached XP level 8. HP: 58/58 MP: 11/11
  7283 | D:7      | Got a scorched leather armour
  7327 | D:7      | Identified the +1 leather armour "Qateam" {*Corrode rPois MR++ SInv} (You found it on level 7 of the Dungeon)
  8117 | D:7      | Learned a level 5 spell: Blade Hands
  8305 | D:8      | Reached *** piety under Wu Jian
  8363 | D:8      | Found a burning altar of Makhleb.
  8549 | D:8      | Reached skill level 5 in Fighting
  8695 | D:8      | Gained mutation: You are partially covered in slimy green scales. (AC +2) [demonic ancestry]
  8695 | D:8      | Reached XP level 9. HP: 64/67 MP: 12/12
  8748 | D:8      | Reached skill level 5 in Dodging
  9009 | D:9      | Noticed a troll
  9152 | D:9      | Noticed a two-headed ogre
  9190 | D:9      | Killed a two-headed ogre
  9817 | D:9      | Found a roughly hewn altar of Beogh.
  9817 | D:9      | Found a staircase to the Orcish Mines.
  9931 | D:9      | Noticed a troll
  9940 | D:9      | Killed a troll
 10173 | D:9      | Gained mutation: You have a pair of large horns on your head. [demonic ancestry]
 10173 | D:9      | Reached XP level 10. HP: 76/76 MP: 13/13
 10310 | D:9      | Noticed Erolcha
 10350 | D:9      | Killed Erolcha
 10369 | D:9      | Reached **** piety under Wu Jian
 10593 | D:9      | You fall through a shaft!
 10593 | D:10     | Entered Level 10 of the Dungeon
 10676 | D:10     | Found a staircase to the Lair.
 10717 | D:10     | Reached skill level 10 in Unarmed Combat
 11167 | D:10     | Learned a level 2 spell: Blink
 11465 | Lair:1   | Entered Level 1 of the Lair of Beasts
 11473 | Lair:1   | Noticed a spiny frog
 11482 | Lair:1   | Noticed a spiny frog
 11483 | Lair:1   | Killed a spiny frog
 11986 | Lair:1   | Reached XP level 11. HP: 80/85 MP: 14/14
 12207 | Lair:1   | Noticed Sonja
 12220 | Lair:1   | Killed Sonja
 12875 | Lair:2   | Noticed a queen ant
 13472 | D:11     | Reached ***** piety under Wu Jian
 13477 | D:11     | Noticed a white ugly thing
 13485 | D:11     | Killed a red ugly thing
 13662 | D:11     | Noticed a two-headed ogre
 13688 | D:11     | Killed a two-headed ogre
 13802 | D:11     | Noticed a purple ugly thing
 13813 | D:11     | Killed a purple ugly thing
 14016 | D:11     | Learned a level 4 spell: Ice Form
 14419 | Lair:2   | Reached skill level 1 in Ice Magic
 14634 | Lair:2   | Gained mutation: A demonic guardian rushes to your aid. [demonic ancestry]
 14634 | Lair:2   | Reached XP level 12. HP: 94/94 MP: 14/17
 14670 | Lair:2   | Killed a queen ant
 14749 | Lair:2   | Reached skill level 6 in Transmutations
 15257 | Lair:3   | Found a staircase to the Swamp.
 15589 | Lair:3   | Noticed an eight-headed hydra
 15595 | Lair:3   | Killed an eight-headed hydra
 16312 | Lair:4   | Got a jewelled war axe
 16313 | Lair:4   | Identified the +11 war axe "Ylues" {chop, Str+2} (You found it on level 4 of the Lair of Beasts)
 16397 | Lair:4   | Reached skill level 10 in Fighting
 16413 | Lair:4   | Reached skill level 5 in Ice Magic
 16497 | Lair:4   | Found a hole to the Spider Nest.
 16731 | Lair:4   | Found a runed gate.
 16731 | Lair:4   | Found a runed gate.
 16731 | Lair:4   | Found a runed gate.
 16733 | Lair:4   | Noticed Xexuamef's ghost (journeyman DEEE)
 16735 | Lair:4   | Noticed Wabbos's ghost (journeyman MiFi)
 16735 | Lair:4   | Noticed Wabbos's ghost (journeyman MiFi)
 16735 | Lair:4   | Noticed Xexuamef's ghost (journeyman DEEE)
 16738 | Lair:4   | Noticed Xexuamef's ghost (journeyman DEEE)
 16976 | Lair:4   | Noticed a six-headed hydra
 17001 | Lair:4   | Killed a six-headed hydra
 17402 | Lair:5   | Reached XP level 13. HP: 87/103 MP: 14/19
 17546 | Lair:5   | Reached skill level 7 in Transmutations
 17641 | Lair:5   | Reached ****** piety under Wu Jian
 17718 | Lair:5   | Found a staircase to the Slime Pits.
 17719 | Lair:5   | Found a viscous altar of Jiyva.
 17945 | Lair:5   | Identified a scroll of acquirement
 18219 | Lair:6   | Entered Level 6 of the Lair of Beasts
 18393 | Orc:1    | Entered Level 1 of the Orcish Mines
 18408 | Orc:1    | Reached skill level 10 in Dodging
 18658 | Orc:2    | Entered Level 2 of the Orcish Mines
 18786 | Orc:2    | Paralysed by an orc sorcerer for 5 turns
 18799 | Orc:2    | Found a staircase to the Elven Halls.
 18924 | Orc:2    | Noticed a stone giant
 18939 | Orc:2    | Killed a stone giant
 18939 | Orc:2    | Reached skill level 5 in Spellcasting
 19080 | Orc:2    | Noticed Rupert
 19097 | Orc:2    | Killed Rupert
 19514 | Orc:1    | Learned a level 7 spell: Dragon Form
 19886 | Orc:2    | Found Cuwnypt's Food Shop.
 19886 | Orc:2    | Found Yhus's Gadget Shoppe.
 19948 | Orc:2    | Reached skill level 8 in Transmutations
 19959 | Orc:2    | Found a roughly hewn altar of Beogh.
 20061 | Orc:2    | Found Ideacu's Assorted Antiques.
 20061 | Orc:2    | Found Toecs's Book Shoppe.
 22205 | D:13     | Reached XP level 14. HP: 96/112 MP: 19/24
 22302 | D:13     | Reached skill level 9 in Transmutations
 22305 | D:13     | Noticed Frances
 22507 | D:13     | Killed Frances
 23131 | D:13     | Found a gate to the Vaults.
 23244 | D:13     | Found a runed gate.
 23244 | D:13     | Found a runed gate.
 23244 | D:13     | Found a runed gate.
 23247 | D:13     | Noticed Wokom's ghost (novice FoEn)
 23470 | D:13     | Reached skill level 10 in Transmutations
 24563 | D:15     | Entered Level 15 of the Dungeon
 24802 | D:15     | Found a staircase to the Depths.
 25201 | D:15     | Noticed Cuuzom's ghost (amateur FoEn)
 25202 | D:15     | Found a runed door.
 25678 | D:15     | Killed Cuuzom's ghost
 25872 | Swamp:1  | Entered Level 1 of the Swamp
 25874 | Swamp:1  | Noticed a thorn hunter
 26301 | Lair:3   | Reached skill level 11 in Transmutations
 26375 | Swamp:1  | Killed a thorn hunter
 26393 | Swamp:1  | Gained mutation: You are mostly covered in slimy green scales. (AC +3) [demonic ancestry]
 26393 | Swamp:1  | Reached XP level 15. HP: 113/119 MP: 17/25
 26587 | Swamp:1  | Identified the Volume of Flying Talismans
 26593 | Swamp:1  | Learned a level 3 spell: Ozocubu's Armour
 27066 | Swamp:1  | Reached skill level 12 in Transmutations
 27472 | Swamp:1  | Upgraded the game from 0.22-b1-21-g5cfc168 to 0.22-b1-26-g9dbaab1
 27924 | Swamp:2  | Paralysed by a hornet for 1 turns
 28086 | Swamp:2  | Noticed Louise
 28099 | Swamp:2  | Killed Louise
 28412 | Swamp:2  | Reached skill level 13 in Transmutations
 29981 | Swamp:4  | Entered Level 4 of the Swamp
 29991 | Swamp:4  | Reached skill level 14 in Transmutations
 30613 | Swamp:4  | Noticed the 27-headed Lernaean hydra
 30637 | Swamp:3  | Killed the 27-headed Lernaean hydra
 30916 | Swamp:3  | Learned a level 6 spell: Hydra Form
 31038 | Swamp:3  | Reached XP level 16. HP: 127/127 MP: 23/28
 32230 | Swamp:4  | Got a decaying rune of Zot
 32765 | Lair:4   | Killed Xexuamef's ghost
 32786 | Lair:4   | Killed Xexuamef's ghost
 33012 | Lair:4   | Killed Wabbos's ghost
 33012 | Lair:4   | Reached skill level 15 in Transmutations
 33019 | Lair:4   | Killed Xexuamef's ghost
 33020 | Lair:4   | Killed Wabbos's ghost
 33158 | Spider:1 | Entered Level 1 of the Spider Nest
 33608 | Spider:1 | HP: 2/128 [jumping spider (8)]
 33608 | Spider:1 | Slain by a jumping spider

Skill      XL: |  1  2  3  4  5  6  7  8  9 10 11 12 13 14 15 16 |
---------------+-------------------------------------------------+-----
Transmutations | 2 3 4 5 6 8 11 14 15 | 15.1
Dodging        | 2 3 4 6 7 8 9 10 11 | 11.3
Unarmed Combat | 3 4 5 7 8 10 12 13 | 13.3
Fighting       | 2 3 5 6 8 9 10 11 12 | 12.3
Spellcasting   | 3 4 7 8 |  8.0
Ice Magic      | 1 6 7 |  7.0
Short Blades   | |  0.5

Action                   |  1- 3 |  4- 6 |  7- 9 | 10-12 | 13-15 | 16-18 || total
-------------------------+-------+-------+-------+-------+-------+-------++-------
Melee: Unarmed           |   173 |   149 |   402 |   698 |  1314 |   194 ||  2930
       Punch             |     3 |     1 |       |     5 |     8 |     1 ||    18
       Headbutt          |    12 |     9 |    16 |    31 |    15 |     1 ||    84
       Dagger            |       |       |    31 |       |       |       ||    31
       War axe           |       |       |       |    30 |       |       ||    30
       Tailslap          |       |       |       |       |     6 |       ||     6
       Bite              |       |       |       |       |     3 |       ||     3
 Fire: Blowgun           |       |       |       |     7 |       |       ||     7
 Cast: Spider Form       |       |    14 |    50 |    74 |       |       ||   138
       Sticks to Snakes  |       |       |       |     5 |       |       ||     5
       Ice Form          |       |       |       |     5 |   110 |     2 ||   117
       Blade Hands       |       |       |       |       |    11 |       ||    11
       Dragon Form       |       |       |       |       |     2 |       ||     2
       Hydra Form        |       |       |       |       |     2 |    17 ||    19
       Ozocubu's Armour  |       |       |       |       |     2 |       ||     2
       Blink             |       |       |       |       |     1 |       ||     1
Invok: Lunge             |       |     3 |    30 |    45 |    87 |    11 ||   176
       Whirlwind         |       |       |     7 |    27 |   102 |     7 ||   143
       Wall Jump         |       |       |     3 |     9 |    14 |     1 ||    27
       Serpent's Lash    |       |       |     1 |       |     6 |     1 ||     8
       Heavenly Storm    |       |       |       |       |     1 |       ||     1
 Abil: End Transformatio |       |       |       |     1 |     1 |       ||     2
Evoke: Wand              |       |       |       |       |     2 |       ||     2
       Phial of floods   |       |       |       |       |     1 |       ||     1
  Use: Potion            |       |     2 |       |     1 |    13 |     3 ||    19
       Scroll            |       |       |    14 |     5 |    18 |     1 ||    38
 Stab: Sleeping          |    12 |     1 |     3 |     1 |     1 |       ||    18
       Distracted        |     1 |     1 |     3 |     2 |     5 |       ||    12
       Confused          |       |       |       |       |     1 |       ||     1
       Invisible         |       |       |       |       |     1 |       ||     1
  Eat: Chunk             |     7 |     9 |    16 |    31 |    47 |       ||   110
       Ration            |       |       |     2 |     1 |     5 |     4 ||    12
Armor: Robe              |    52 |    18 |    16 |       |       |       ||    86
       Skin              |       |     4 |    22 |    35 |   279 |    82 ||   422
       Leather armour    |       |       |     2 |    35 |    20 |    15 ||    72
Dodge: Dodged            |   117 |   131 |   316 |   620 |   872 |   185 ||  2241

Vault maps used:
D:1:      tarquinn_simple_flora_water_c, minmay_misc_feat_tiny
D:3:      first_ration, minmay_fountain_box, uniq_terence, uniq_jessica
D:4:      old_standard_altar, minmay_temple_entry_statues_pillars, uniq_menkaure
D:5:      corexii_shantytown, gammafunk_temple_overflow_claw, fedhas_altar_2
D:8:      cheibrodos_fertilizer, lemuel_doored_altar
D:9:      david_orc_5, uniq_erolcha
D:10:     due_lair_maze_entry_diamond
D:12:     serial_aquarium, aquarium_bridge_square, aquarium_window_1,
          aquarium_window_1, aquarium_view_2c, aquarium_balcony_3b,
          aquarium_pool_corner, the_bakery, bh_circular_ruins
D:13:     lightli_vaults_fourway_checkpoint, ebering_ghost_rock_garden,
          solitary_fountain, uniq_frances
D:14:     minivault_19
D:15:     hangedman_depths_entry_civil_slaughter, hellmonk_ghost_happy_afterlife
Temple:   regret_index_temple_sphere_string
Lair:1:   beast_lair_carwin_large_1, grunt_megastairs_3, serial_bayou_shore_b,
          uniq_sonja
Lair:2:   minmay_another_anthill, lemuel_fruit_tree
Lair:3:   minmay_swamp_entry_worms, serial_bayou_pond_c,
          cheibrodos_lair_reptile_den
Lair:4:   nicolae_spider_entry_non_spiders, special_room,
          gammafunk_ghost_cemetery, minivault_25, minmay_stone_trees_small
Lair:5:   slime_altar_1
Lair:6:   hangedman_lair_tendril_chambers, guppyfry_lair_end_dragon
Swamp:1:  evilmike_swamp_ruin_rubble_2, swamp_pool5,
          nicolae_swamp_feature_on_the_river_bank
Swamp:2:  hangedman_swamp_pad, uniq_louise
Swamp:3:  serial_swamp_ruin, hangedman_swamp_ruin_hall,
          hangedman_swamp_ruin_wall, swamp_pool3, nicolae_swamp_dense_foliage
Swamp:4:  swamp_old_school
Orc:2:    st_orc_town, uniq_rupert
